 Dungeon Crawl Stone Soup version 0.23-a0-419-g0174fd8 (webtiles) character file.

34623 Tovarisch the Cleaver (level 13, -4/118 HPs)
             Began as a Deep Dwarf Necromancer on Nov 12, 2018.
             Was an Elder of Makhleb.
             Killed by divine providence
             ... invoked by a smoke demon
              (9 damage)
             ... on level 6 of the Lair of Beasts.
             The game lasted 01:43:48 (19987 turns).

Tovarisch the Cleaver (Deep Dwarf Necromancer)     Turns: 19987, Time: 01:43:48

Health: -4/118     AC: 17    Str: 12    XL:     13   Next: 43%
Magic:  34/34      EV: 13    Int: 24    God:    Makhleb [****..]
Gold:   1324       SH:  0    Dex: 13    Spells: 19/28 levels left

rFire    . . .     SeeInvis .   a - +0 battleaxe (freeze)
rCold    . . .     Gourm    .   (shield currently unavailable)
rNeg     . . .     Faith    .   v - +2 ring mail {MR+}
rPois    .         Spirit   .   C - +0 helmet {Int+3}
rElec    .         Reflect  .   W - scarf {repulsion}
rCorr    .         Harm     .   G - +2 pair of gloves
MR       +++..                  u - +2 pair of boots
Stlth    +.........             N - amulet of magic regeneration
HPRegen  0.00/turn              l - ring of magical power
MPRegen  0.49/turn              D - ring of protection from magic

@: non-regenerating, repel missiles
A: damage resistance, heal wounds, sense surroundings 2, no regeneration
a: Heal Wounds, Minor Destruction, Lesser Servant of Makhleb, Major Destruction,
Renounce Religion


You were on level 6 of the Lair of Beasts.
You worshipped Makhleb.
Makhleb was greatly pleased with you.
You were not hungry.

You visited 3 branches of the dungeon, and saw 19 of its levels.

You collected 1324 gold pieces.

Inventory:

Hand Weapons
 a - a +0 battleaxe of freezing (weapon)
 b - a +0 halberd of flaming
Missiles
 O - a throwing net (quivered)
Armour
 u - a +2 pair of boots (worn)
 v - a +2 ring mail of magic resistance (worn)
 C - a +0 helmet of intelligence (worn)
 G - a +2 pair of gloves (worn)
 W - a scarf of repulsion (worn)
Magical Staves
 K - an uncursed staff of earth
Jewellery
 l - a ring of magical power (left hand)
 n - the amulet "Suashe Huwa" {+Rage rF+ Dex+4}
   (You found it on level 4 of the Lair of Beasts)

   [amulet of rage]

   It affects your dexterity (+4).
   It protects you from fire.
   It lets you go berserk.
 D - a ring of protection from magic (right hand)
 N - an amulet of magic regeneration (around neck)
 U - an uncursed ring of fire
Wands
 p - a wand of flame (28)
 w - a wand of paralysis (1)
 A - a wand of random effects (41)
 B - a wand of scattershot (5)
 I - a wand of digging (9)
 T - a wand of clouds (2)
 X - a wand of iceblast (2)
Scrolls
 c - 3 scrolls of remove curse
 f - a scroll of fear
 j - 2 scrolls of fog
 m - a scroll of magic mapping
 q - 5 scrolls of enchant weapon
 r - a scroll of noise {unknown}
 t - 7 scrolls of teleportation
 y - 4 scrolls of immolation
 F - 3 scrolls of brand weapon
 J - 4 scrolls of blinking {unknown}
 M - a scroll of torment
 Q - 2 scrolls of amnesia
 V - 2 scrolls of enchant armour {unknown}
 Y - a scroll of silence
Potions
 d - 3 potions of heal wounds
 g - 7 potions of curing
 i - 5 potions of mutation
 k - 3 potions of agility
 o - a potion of resistance
 s - 2 potions of haste
 x - 4 potions of flight
 z - 4 potions of ambrosia
 E - 6 potions of might
 H - a potion of lignification
 L - a potion of invisibility
 P - 3 potions of magic
 R - 5 potions of brilliance
 Z - 2 potions of berserk rage
Comestibles
 e - 34 rations


   Skills:
 + Level 8.4 Fighting
 * Level 13.5 Axes
 + Level 9.8 Armour
 + Level 5.6 Dodging
 - Level 2.4 Stealth
 - Level 8.1 Spellcasting
 - Level 8.0 Necromancy
 - Level 8.0 Invocations
 - Level 8.0 Evocations


You had 19 spell levels left.
You knew the following spells:

 Your Spells              Type           Power        Failure   Level  Hunger
a - Pain                  Necr           ####         1%          1    None
b - Animate Skeleton      Necr           N/A          1%          1    None
d - Animate Dead          Necr           N/A          4%          4    ##.....
g - Vampiric Draining     Necr           #####.....   1%          3    None

Your spell library contained the following spells:

 Spells                   Type           Power        Failure   Level  Hunger
 Beastly Appendage        Tmut           #.....       12%         1    None
 Magic Dart               Conj           #...         12%         1    None
 Shock                    Conj/Air       #...         12%         1    None
 Summon Butterflies       Summ           #.......     12%         1    None
 Poisonous Vapours        Pois/Air       #.....       19%         2    None
 Searing Ray              Conj           #.....       19%         2    None
 Sticks to Snakes         Tmut           #.......     19%         2    None
 Swiftness                Chrm/Air       #.......     19%         2    None
 Call Canine Familiar     Summ           #.......     36%         3    None
 Conjure Flame            Conj/Fire      #.......     36%         3    None
 Dazzling Spray           Conj/Hex       #.....       36%         3    None
 Mephitic Cloud           Conj/Pois/Air  #.......     36%         3    None
 Spider Form              Tmut/Pois      #.........   36%         3    None
 Static Discharge         Conj/Air       #.......     36%         3    None
 Airstrike                Air            #.........   77%         4    ##.....
 Force Lance              Conj/Tloc      #.......     77%         4    ##.....
 Fulminant Prism          Conj/Hex       #.........   77%         4    ##.....
 Ice Form                 Ice/Tmut       #.......     77%         4    ##.....
 Iskenderun's Mystic Bla  Conj           #.......     77%         4    ##.....
 Summon Ice Beast         Ice/Summ       #.......     77%         4    ##.....
 Blade Hands              Tmut           #.........   98%         5    #####..
 Lightning Bolt           Conj/Air       #.........   98%         5    #####..
 Summon Mana Viper        Hex/Summ       #.......     98%         5    #####..
 Freezing Cloud           Conj/Ice/Air   #.........   100%        6    ######.
 Ring of Flames           Chrm/Fire      #.........   100%        7    #######
 Summon Hydra             Summ           #.........   100%        7    #######
 Regeneration             Chrm/Necr      Unusable     N/A         3    N/A

Dungeon Overview and Level Annotations

Branches:
Dungeon (12/15)            Temple (1/1) D:6            Lair (6/6) D:10
 Shoals (0/4) Lair:4       Spider (0/4) Lair:2
  Slime: Lair:5-6       Orc: D:9-12

Altars:
Elyvilon
Fedhas
Gozag
Hepliaklqana
Kikubaaqudgha
Makhleb
Nemelex Xobeh
Qazlal
Ru
Sif Muna
Trog
Vehumet
Wu Jian
Zin
The Shining One

Shops:
D:9 =   D:10 !

Portals:
Hell: Lair:6
Trove: D:12 (give +4 storm dragon scales)


Innate Abilities, Weirdness & Mutations

You are resistant to damage.
You can heal yourself by infusing magical energy.
You passively map the area around you.
You do not regenerate.


Message History

The smoke demon roars!
A hell hound comes into view.
The hell hound barks!
A hell hound comes into view.
The hell hound barks!
A sixfirhy comes into view.
The sixfirhy hits you!
* * * LOW HITPOINT WARNING * * *
The sixfirhy shocks you!
* * * LOW HITPOINT WARNING * * *
The sixfirhy hits you!
* * * LOW HITPOINT WARNING * * *
The sixfirhy shocks you!
* * * LOW HITPOINT WARNING * * *
The hell hound breathes flames at you. The blast of flame misses you.
An orange demon comes into view.
The smoke demon gestures at you. Something smites you!
You die...

♣♣...♣♣ ♣♣♣.÷..♣♣ ♣...4.♣
♣♣♣.... *███████'4██████
♣♣♣.♣
≈█..........4..█████████'♣♣
█....8....8...█........█♣
█.........4...'...8.8..█
███████████████..8.█...█ ≈
≈§≈§........█...8.█..█
≈≈≈≈§≈4h4.3@....█4.█.8...█
≈ ≈≈∩434.._....'...█.8..█
≈≈≈.hh......█..8.8...█ ≈
≈≈≈≈≈≈≈≈.....█........█
≈≈§≈≈§≈§≈≈█████████████
≈≈§≈§§≈§§≈ * ≈


██████████ ≈ You could see 2 orange demons, an ice devil, a sixfirhy, a smoke
demon, a red devil and 3 hell hounds.

Vanquished Creatures
  8 hydras
  3 two-headed ogres
  Erica (D:11)
  A fire crab (Lair:4)
  An unseen horror (D:11)
  A wizard (Lair:6)
  A lindwurm (Lair:6)
  An oklob plant (D:10)
  An ugly thing (D:11)
  A cyclops (D:7)
  3 black mambas
  Psyche (D:9)
  8 spiny frogs
  5 rime drakes
  4 komodo dragons
  2 trolls
  6 blink frogs
  A meliai (D:10)
  3 dream sheep (Lair:6)
  7 hippogriffs
  2 redbacks
  A vampire (D:11)
  10 yaks
  2 wyverns
  2 basilisks
  A vampire mosquito (D:11)
  A hungry ghost (D:6)
  7 water moccasins
  6 porcupines
  2 sky beasts
  4 orc warriors
  An ice beast (D:11)
  2 black bears
  A wolf (Lair:6)
  11 centaurs
  7 crocodiles
  4 ogres
  A big kobold (D:8)
  12 bullfrogs
  A gnoll sergeant (D:6)
  A wyvern zombie (D:12)
  5 scorpions
  11 killer bees
  5 wights (D:6)
  A howler monkey (D:11)
  An electric eel (Lair:4)
  2 bullfrog zombies
  5 crimson imps
  5 jellies
  A bullfrog skeleton (D:5)
  6 hounds
  7 orc priests
  4 orc wizards
  An iron imp (D:9)
  Ijyb (D:5)
  4 iguanas
  5 worker ants
  A worker ant zombie (D:7)
  8 gnolls
  13 adders
  3 shadow imps
  2 adder skeletons
  A worm (D:2)
  A dart slug (D:1)
  9 leopard geckos
  25 orcs
  8 giant cockroaches
  7 goblins
  8 hobgoblins
  10 jackals
  8 kobolds
  5 quokkas
  3 ball pythons
  8 bats
  3 frilled lizards
  2 goblin zombies (D:9)
  4 hobgoblin zombies (D:9)
  A jackal skeleton (D:7)
  2 kobold skeletons (D:9)
  2 leopard gecko skeletons (D:8)
  2 orc skeletons (D:9)
  An orc zombie (D:9)
  A quokka skeleton (D:4)
  7 rats
  4 plants
351 creatures vanquished.

Vanquished Creatures (collateral kills)
  A hydra (Lair:2)
  Pikel (D:7)
  Joseph (D:7)
  A black mamba (Lair:2)
  A spiny frog (Lair:4)
  A rime drake (Lair:6)
  3 komodo dragons
  2 meliai (D:10)
  A hornet (D:11)
  3 blink frogs
  A hippogriff (Lair:2)
  3 dream sheep (Lair:6)
  2 yaks
  A vampire mosquito (D:11)
  A water moccasin (Lair:6)
  A porcupine (Lair:1)
  A slave (D:7)
  A centaur (D:8)
  2 wolves (Lair:6)
  An ogre (D:11)
  5 crocodiles
  A gnoll sergeant (D:10)
  A crimson imp (D:8)
  A jelly (D:11)
  An orc wizard (D:9)
  A killer bee zombie (D:7)
  A hound skeleton (D:9)
  2 gnolls (D:10)
  2 adder zombies
  4 orcs
  2 fungi (Lair:6)
  3 plants
53 creatures vanquished.

Vanquished Creatures (others)
  16 fungi
  9 plants
25 creatures vanquished.

Grand Total: 429 creatures vanquished

Notes
Turn   | Place    | Note
-------+----------+-------------------------------------------
     0 | D:1      | Tovarisch the Deep Dwarf Necromancer began the quest for
                  | the Orb.
     0 | D:1      | Reached XP level 1. HP: 15/15 MP: 3/3
   107 | D:1      | Learned a level 1 spell: Animate Skeleton
   303 | D:1      | Reached XP level 2. HP: 19/22 MP: 0/5
   863 | D:1      | Reached XP level 3. HP: 22/28 MP: 4/6
   868 | D:1      | Learned a level 3 spell: Vampiric Draining
   870 | D:1      | Reached skill level 5 in Necromancy
  1236 | D:3      | Found a faded altar of an unknown god.
  1420 | D:3      | Reached XP level 4. HP: 25/36 MP: 5/8
  1854 | D:3      | Reached XP level 5. HP: 31/42 MP: 2/10
  2014 | D:3      | Found an opulent altar of Gozag.
  2702 | D:4      | Noticed an ogre
  2709 | D:4      | Killed an ogre
  2709 | D:4      | Reached XP level 6. HP: 43/49 MP: 6/12
  3373 | D:5      | Entered Level 5 of the Dungeon
  3408 | D:5      | Reached XP level 7. HP: 50/55 MP: 14/14
  3543 | D:5      | Learned a level 4 spell: Animate Dead
  3651 | D:5      | Reached skill level 5 in Spellcasting
  3717 | D:5      | Found a white marble altar of Elyvilon.
  3932 | D:5      | Noticed Ijyb
  3941 | D:5      | Killed Ijyb
  4469 | D:6      | Noticed a hungry ghost
  4536 | D:6      | Reached XP level 8. HP: 57/62 MP: 15/17
  5146 | D:6      | Reached skill level 1 in Fighting
  5146 | D:6      | Reached skill level 1 in Axes
  5501 | D:6      | Found a staircase to the Ecumenical Temple.
  5510 | Temple   | Entered the Ecumenical Temple
  5514 | Temple   | Became a worshipper of Makhleb the Destroyer
  6553 | D:2      | Found a blossoming altar of Fedhas.
  6649 | D:2      | Found a sacrificial altar of Ru.
  6649 | D:2      | Found a sparkling altar of Nemelex Xobeh.
  6735 | D:2      | Found a glowing silver altar of Zin.
  6739 | D:2      | Reached skill level 2 in Axes
  7402 | D:7      | Found a burning altar of Makhleb.
  7411 | D:7      | Reached * piety under Makhleb
  7452 | D:7      | Reached skill level 1 in Armour
  7452 | D:7      | Gained mutation: You passively map the area around you.
                  | [Deep Dwarf growth]
  7452 | D:7      | Reached XP level 9. HP: 57/73 MP: 20/21
  7462 | D:7      | Reached skill level 3 in Axes
  7611 | D:7      | Found a hazy altar of Hepliaklqana.
  7636 | D:7      | Noticed Joseph
  7651 | D:7      | Killed Joseph
  7712 | D:7      | Reached skill level 4 in Axes
  7712 | D:7      | Reached skill level 1 in Invocations
  7712 | D:7      | Reached skill level 1 in Evocations
  8007 | D:7      | Noticed Pikel
  8025 | D:7      | Killed Pikel
  8025 | D:7      | Reached skill level 5 in Axes
  8134 | D:7      | Found an ornate altar of the Wu Jian Council.
  8440 | D:7      | Noticed a cyclops
  8452 | D:7      | Killed a cyclops
  8677 | D:8      | Reached skill level 6 in Axes
  8714 | D:8      | Reached XP level 10. HP: 55/85 MP: 13/22
  9142 | D:8      | Reached ** piety under Makhleb
  9369 | D:8      | Noticed a two-headed ogre
  9382 | D:8      | Killed a two-headed ogre
  9587 | D:8      | Reached skill level 7 in Axes
 10100 | D:9      | Noticed a two-headed ogre
 10108 | D:9      | Killed a two-headed ogre
 10108 | D:9      | Reached skill level 5 in Invocations
 10108 | D:9      | Reached skill level 5 in Evocations
 10515 | D:9      | Found a glowing golden altar of the Shining One.
 10619 | D:9      | Found Zuitiasicu's Jewellery Shoppe.
 10629 | D:9      | Reached skill level 5 in Armour
 10678 | D:9      | Noticed Psyche
 10684 | D:9      | Killed Psyche
 10684 | D:9      | Reached *** piety under Makhleb
 10782 | D:9      | Found a radiant altar of Vehumet.
 10810 | D:9      | Reached skill level 8 in Axes
 11183 | D:10     | Entered Level 10 of the Dungeon
 11320 | D:10     | Noticed an oklob plant
 11325 | D:10     | Killed an oklob plant
 11325 | D:10     | Reached skill level 5 in Fighting
 11326 | D:10     | Found a staircase to the Lair.
 11484 | D:10     | Found Ullettic's Distillery.
 11621 | D:10     | Found an ancient bone altar of Kikubaaqudgha.
 11783 | D:10     | Noticed a two-headed ogre
 11795 | D:10     | Killed a two-headed ogre
 11795 | D:10     | Reached XP level 11. HP: 42/94 MP: 16/23
 12587 | D:11     | Reached skill level 9 in Axes
 12711 | D:11     | Killed an unseen horror
 12794 | D:11     | Paralysed by a hornet for 1 turns
 12977 | D:11     | Noticed a four-headed hydra
 12988 | D:11     | Killed a four-headed hydra
 13157 | D:11     | Noticed Erica
 13168 | D:11     | Killed Erica
 13313 | D:11     | Noticed a green ugly thing
 13327 | D:11     | Killed a green ugly thing
 13374 | D:11     | Reached skill level 10 in Axes
 13836 | D:11     | Found a deep blue altar of Sif Muna.
 13886 | D:12     | Found a portal to a secret trove of treasure.
 13895 | D:12     | Reached **** piety under Makhleb
 13988 | Lair:1   | Entered Level 1 of the Lair of Beasts
 13995 | Lair:1   | Noticed a four-headed hydra
 14013 | Lair:1   | Killed a one-headed hydra
 14597 | Lair:1   | Reached XP level 12. HP: 86/106 MP: 24/24
 15269 | Lair:2   | Reached skill level 11 in Axes
 15581 | Lair:2   | Noticed a six-headed hydra
 15595 | Lair:2   | Killed a three-headed hydra
 15852 | Lair:2   | Found a hole to the Spider Nest.
 16036 | Lair:2   | Noticed a five-headed hydra
 16050 | Lair:2   | Killed a one-headed hydra
 16116 | Lair:2   | Noticed a five-headed hydra
 16125 | Lair:2   | Killed a two-headed hydra
 16125 | Lair:2   | Reached skill level 12 in Axes
 16967 | Lair:3   | You fall through a shaft for 2 floors!
 16967 | Lair:5   | Noticed a six-headed hydra
 16996 | Lair:5   | Killed a two-headed hydra
 17148 | Lair:5   | Noticed an eight-headed hydra
 17158 | Lair:5   | Killed a five-headed hydra
 17260 | Lair:4   | Found a staircase to the Shoals.
 17316 | Lair:4   | Got a translucent crystal amulet
 17319 | Lair:4   | Identified the amulet "Suashe Huwa" {+Rage rF+ Dex+4} (You
                  | found it on level 4 of the Lair of Beasts)
 18297 | Lair:5   | Reached XP level 13. HP: 81/117 MP: 24/25
 18879 | Lair:6   | Entered Level 6 of the Lair of Beasts
 19169 | Lair:6   | Reached skill level 13 in Axes
 19212 | Lair:6   | Reached skill level 5 in Dodging
 19943 | Lair:6   | Found a burning altar of Makhleb.
 19987 | Lair:6   | Found a gateway to Hell.
 19987 | Lair:6   | HP: 5/118 [sixfirhy (9)]
 19987 | Lair:6   | Killed from afar by a smoke demon

Vault maps used:
D:1:      dpeg_arrival_renting
D:2:      zin_academy, overflow_temple_1_default,
          gammafunk_temple_overflow_elements, kennysheep_generic_room_14
D:3:      wad_lake_hut, first_ration, chequers_ecumenical_altar_simple_redux,
          dk_vineyard_2, nicolae_gozag_seed_capital
D:5:      nicolae_overflow_crystal_walls, uniq_ijyb
D:6:      temple_green
D:7:      lemuel_doored_altar, marbit_many_paths, basic_altar,
          kennysheep_generic_room_3, uniq_joseph, uniq_pikel
D:8:      blue_anna_alchemist, minmay_orc_keep
D:9:      vehumet_crystals, serial_shops, kennysheep_mini_moat,
          nicolae_tso_besieged_by_evil, uniq_psyche
D:10:     dpeg_oklobed_lair, serial_shops, shop, lemuel_tele_altar
D:11:     lemuel_blue_sif_altar, uniq_erica
D:12:     kennysheep_orc_monster_closet_entryway, serial_shops,
          nicolae_shop_trees, nicolae_trove_entry_free_sample
Temple:   zaba_magenta_temple
Lair:2:   spider_nest_entry_webs
Lair:3:   grunt_megastairs_5
Lair:4:   minmay_shoals_entry_centaurs, serial_bayou_shore_a
Lair:5:   lemuel_fruit_fields, lemuel_fruit_fields
Lair:6:   evil_forest, dpeg_slime_entry_enclosed_altar, grunt_megastairs_1,
          serial_bayou_shore_b

Skill      XL: |  1  2  3  4  5  6  7  8  9 10 11 12 13 |
---------------+----------------------------------------+-----
Spellcasting   | 2 3 4 6 8 |  8.1
Necromancy     | 5 6 7 8 |  8.0
Fighting       | 1 3 5 6 7 8 |  8.4
Axes           | 2 6 8 10 12 13 | 13.5
Armour         | 1 3 5 7 9 |  9.8
Invocations    | 3 6 8 |  8.0
Evocations     | 3 6 8 |  8.0
Dodging        | 4 5 |  5.6
Stealth        | |  2.4

Action                   |  1- 3 |  4- 6 |  7- 9 | 10-12 | 13-15 || total
-------------------------+-------+-------+-------+-------+-------++-------
Melee: Unarmed           |     6 |       |       |       |       ||     6
       Dagger            |     8 |     7 |       |       |       ||    15
       Rapier            |       |    37 |   129 |       |       ||   166
       Great sword       |       |       |    76 |       |       ||    76
       Whip              |       |       |    90 |    71 |       ||   161
       War axe           |       |       |       |    78 |       ||    78
       Staff             |       |       |       |    18 |       ||    18
       Hand axe          |       |       |       |   175 |       ||   175
       Halberd           |       |       |       |    35 |    16 ||    51
       Battleaxe         |       |       |       |   137 |    73 ||   210
 Cast: Pain              |    50 |    30 |    70 |    58 |     2 ||   210
       Animate Skeleton  |     3 |     1 |     3 |    19 |     4 ||    30
       Vampiric Draining |     2 |    22 |    70 |   288 |    88 ||   470
       Animate Dead      |       |       |     8 |    22 |     6 ||    36
Invok: Lesser Servant of |       |       |       |     1 |       ||     1
Evoke: Wand              |       |       |       |    36 |       ||    36
  Use: Scroll            |       |       |     8 |    18 |     7 ||    33
       Potion            |       |       |       |     2 |     3 ||     5
 Stab: Sleeping          |       |     1 |       |     2 |       ||     3
       Distracted        |       |       |       |     3 |     1 ||     4
       Paralysed         |       |       |       |    11 |       ||    11
  Eat: Chunk             |     2 |     5 |    16 |    28 |     4 ||    55
       Ration            |       |     1 |     2 |     1 |     1 ||     5
Armor: Robe              |     5 |     2 |       |       |       ||     7
       Scale mail        |       |    19 |   226 |       |       ||   245
       Chain mail        |       |     4 |       |       |       ||     4
       Ring mail         |       |       |    49 |   460 |   104 ||   613
Dodge: Dodged            |    17 |    23 |   219 |   464 |   117 ||   840
       Deflected         |       |       |       |       |     4 ||     4
       Rpst.: Great sword |       |       |    20 |       |       ||    20

Table legend:
 A = Non-vault XP
 B = Vault XP
 C = Vault XP percentage of total XP
 D = Non-vault monster count
 E = Vault monster count
 F = Vault count percentage of total count
                 A         B        C        D         E       F
            +---------+---------+-------+---------+---------+-------
      Total |   39309 |   10153 |  20.5 |     341 |      53 |  13.5
            +---------+---------+-------+---------+---------+-------
        D:1 |      47 |       0 |   0.0 |      19 |       0 |   0.0
        D:2 |      71 |       2 |   2.7 |      27 |       1 |   3.6
        D:3 |     162 |       0 |   0.0 |      23 |       0 |   0.0
        D:4 |     505 |       0 |   0.0 |      15 |       0 |   0.0
        D:5 |     452 |      38 |   7.8 |      18 |       1 |   5.3
        D:6 |    1489 |       0 |   0.0 |      29 |       0 |   0.0
        D:7 |    1767 |     761 |  30.1 |      22 |       3 |  12.0
        D:8 |    1581 |     494 |  23.8 |      19 |      10 |  34.5
        D:9 |    2111 |     489 |  18.8 |      22 |      13 |  37.1
       D:10 |    2074 |     572 |  21.6 |      21 |       1 |   4.5
       D:11 |    4869 |     912 |  15.8 |      34 |       1 |   2.9
       D:12 |     132 |       0 |   0.0 |       2 |       0 |   0.0
     Lair:1 |    4100 |       0 |   0.0 |      17 |       0 |   0.0
     Lair:2 |    8276 |     202 |   2.4 |      27 |       1 |   3.6
     Lair:3 |    2180 |     262 |  10.7 |       9 |       1 |  10.0
     Lair:4 |    1622 |     542 |  25.0 |       5 |       4 |  44.4
     Lair:5 |    3022 |       0 |   0.0 |       9 |       0 |   0.0
     Lair:6 |    4849 |    5879 |  54.8 |      23 |      17 |  42.5
            +---------+---------+-------+---------+---------+-------
